 Dungeon Crawl Stone Soup version 0.27-a0-59-gfbafd837a3 (webtiles) character file.

Game seed: 10311139307498293277

2057 Borgoz the Cudgeller (level 9, -3/54 HPs)
             Began as a Gargoyle Gladiator on Jan 8, 2021.
             Was a Follower of Ashenzari.
             Slain by a wyvern (11 damage)
             ... on level 8 of the Dungeon.
             The game lasted 00:11:16 (9278 turns).

Borgoz the Cudgeller (Gargoyle Gladiator)           Turns: 9278, Time: 00:11:17

Health: -3/54      AC: 15    Str: 17    XL:     9   Next: 25%
Magic:  11/11      EV: 13    Int: 10    God:    Ashenzari [*.....]
Gold:   143        SH:  0    Dex: 14    Spells: 6/11 levels left

rFire    + . .     SeeInvis .   a - +1 flail (curse)
rCold    . . .     Faith    .   (no shield)
rNeg     + . .     Spirit   .   q - +0 scale mail {rF+} (curse)
rPois    ∞         Reflect  .   v - +1 hat
rElec    +         Harm     .   m - +0 cloak (curse)
rCorr    .         Rampage  .   (no gloves)
Will     .....                  (no boots)
Stlth    +.........             (no amulet)
HPRegen  0.18/turn              u - ring of stealth
MPRegen  0.12/turn              (no ring)

@: hasted, very quick
A: negative energy resistance 1, electricity resistance, unbreathing,
petrification resistance, miasma immunity, AC +6
a: Renounce Religion, Curse Item, Scrying


You were on level 8 of the Dungeon.
You worshipped Ashenzari.
Ashenzari was aware of your devotion.
You visited 2 branches of the dungeon, and saw 9 of its levels.

You collected 539 gold pieces.
You spent 396 gold pieces at shops.

Inventory:

Hand Weapons
 a - a cursed +1 flail (weapon)
Missiles
 d - 2 throwing nets (quivered)
Armour
 m - a cursed +0 cloak (worn)
 q - a cursed +0 scale mail of fire resistance (worn)
 v - a +1 hat (worn)
Jewellery
 u - a ring of stealth (left hand)
Wands
 g - a wand of iceblast (6)
 s - a wand of polymorph (4)
Scrolls
 b - 2 scrolls of enchant weapon
 e - 3 scrolls of remove curse
 f - a scroll of teleportation {unknown}
 i - a scroll of amnesia
 k - 3 scrolls of fog
 p - a scroll of fear {unknown}
 r - a scroll of noise {unknown}
 w - 2 scrolls of magic mapping {unknown}
 x - a scroll of silence {unknown}
 y - 2 scrolls of identify
Potions
 c - a potion of mutation
 h - a potion of cancellation
 j - 4 potions of curing
 n - 2 potions of might
 o - 4 potions of flight
 t - 2 potions of brilliance


   Skills:
 + Level 5.4 Fighting
 * Level 7.3 Maces & Flails
 - Level 1.7 Throwing
 + Level 4.8 Armour
 * Level 6.1 Dodging
 + Level 1.5 Spellcasting
 + Level 1.5 Hexes


You had 6 spell levels left.
You knew the following spells:

 Your Spells              Type           Power        Failure   Level
a - Confusing Touch       Hex            3%           85%         3
b - Blink                 Tloc           N/A          83%         2

Your spell library contained the following spells:

 Spells                   Type           Power        Failure   Level
 Slow                     Hex            3%           63%         2
 Magic Dart               Conj           0%           71%         1
 Call Imp                 Summ           0%           83%         2
 Conjure Flame            Conj/Fire      0%           97%         3
 Gell's Gravitas          Tloc           0%           97%         3
 Mephitic Cloud           Conj/Pois/Air  0%           97%         3
 Petrify                  Tmut/Erth      0%           100%        4
 Metabolic Englaciation   Hex/Ice        1%           100%        5
 Yara's Violent Unravell  Hex/Tmut       1%           100%        5


Dungeon Overview and Level Annotations

Branches:
Dungeon (8/15)             Temple (1/1) D:7
   Lair: D:8-11

Altars:
Ashenzari
Cheibriados
Dithmenos
Elyvilon
Fedhas
Gozag
Hepliaklqana
Kikubaaqudgha
Makhleb
Nemelex Xobeh
Okawaru
Ru
Sif Muna
Trog
Uskayaw
Vehumet
Xom
Yredelemnul
Zin
The Shining One

Shops:
D:5 !   D:6 ::((=


Innate Abilities, Weirdness & Mutations

You are resistant to torment.
Your stone body is resilient. (AC +6)
You are immune to poison.
You resist negative energy. (rN+)
You are resistant to electric shocks. (rElec)
You can survive without breathing.
You are immune to petrification.
You are immune to miasma.


Message History

The wyvern hisses menacingly.
The howler monkey zombie barely misses you.
The wight hits you but does no damage.
You barely miss the howler monkey zombie.
The howler monkey zombie is moderately damaged.
The howler monkey zombie hits you but does no damage.
The wight hits you but does no damage.
You feel yourself speed up. The wight barely misses you.
The wyvern barely misses you.
You hit the wight.
The wight is lightly damaged.
The wyvern bites you.
You barely miss the wight.
The wight is lightly damaged.
The wight closely misses you. The wyvern bites you!
* * * LOW HITPOINT WARNING * * *
You closely miss the wight.
The wight is lightly damaged.
The wyvern bites you!
You die...

.. #.# #. # ..#
.. # .##.. .#
...... .. #.#.#..
.# .o.o..l### .#
#..)###.#
###).#@$# ##)
#.ozl## #..
#...Z####.#
#..##...##.#
#.#####.##.######
#.. #..........#
#.# #..........#
.. #..........#
#### #.#
#..........######


You could see a wyvern, a wight, an orc priest and a howler monkey zombie.

Vanquished Creatures
  Prince Ribbit (D:5)
  Grinder (D:5)
  A water moccasin (D:7)
  A black bear (D:7)
  A sky beast (D:7)
  An ice beast (D:5)
  2 phantoms
  An ogre (D:7)
  A centaur (D:4)
  A bullfrog (D:7)
  4 scorpions
  2 wights (D:8)
  A howler monkey (D:4)
  A centaur zombie (D:5)
  An orc priest (D:5)
  An iguana (D:8)
  2 orc wizards (D:5)
  5 worker ants
  A hound skeleton (D:6)
  A howler monkey zombie (D:4)
  4 gnolls
  2 howler monkey skeletons (D:4)
  9 adders
  A shadow imp (D:5)
  2 white imps
  An ufetubus (D:5)
  2 oozes
  An adder skeleton (D:5)
  4 worms
  5 dart slugs
  2 leopard geckos
  8 orcs
  8 giant cockroaches
  7 goblins
  10 hobgoblins
  3 jackals (D:6)
  3 quokkas
  2 ball pythons
  7 bats
  7 frilled lizards
  A jackal skeleton (D:4)
  9 kobolds
  A leopard gecko skeleton (D:6)
  8 rats
  A rat zombie (D:4)
138 creatures vanquished.

Notes
Turn   | Place    | Note
-------+----------+-------------------------------------------
     0 | D:1      | Borgoz the Gargoyle Gladiator began the quest for the Orb.
     0 | D:1      | Reached XP level 1. HP: 12/12 MP: 1/1
   173 | D:1      | Reached XP level 2. HP: 15/18 MP: 2/2
   534 | D:1      | Reached XP level 3. HP: 20/22 MP: 3/3
   659 | D:1      | Reached skill level 1 in Armour
  1457 | D:2      | Reached XP level 4. HP: 24/27 MP: 4/4
  2643 | D:3      | Reached XP level 5. HP: 32/32 MP: 5/5
  2648 | D:3      | Reached skill level 4 in Maces & Flails
  2921 | D:3      | Found a basalt altar of Yredelemnul.
  3308 | D:4      | Noticed a phantom
  3541 | D:3      | Killed a phantom
  3542 | D:3      | Reached XP level 6. HP: 30/37 MP: 6/6
  4327 | D:4      | Found an ancient bone altar of Kikubaaqudgha.
  4653 | D:4      | Found a blossoming altar of Fedhas.
  4926 | D:5      | Entered Level 5 of the Dungeon
  4960 | D:5      | Noticed an ice beast
  4980 | D:5      | Killed an ice beast
  4981 | D:5      | Reached skill level 5 in Maces & Flails
  4981 | D:5      | Reached XP level 7. HP: 23/42 MP: 7/7
  5646 | D:5      | Noticed Grinder
  5656 | D:5      | Paralysed by Grinder for 4 turns
  5666 | D:5      | Killed Grinder
  5667 | D:5      | Reached skill level 6 in Maces & Flails
  5667 | D:5      | Reached skill level 5 in Dodging
  5667 | D:5      | Reached XP level 8. HP: 25/48 MP: 8/8
  6131 | D:5      | Found a white marble altar of Elyvilon.
  6132 | D:5      | Found a shimmering altar of Xom.
  6195 | D:5      | Found Ofutomaga's Distillery.
  6200 | D:5      | Bought a potion of berserk rage for 60 gold pieces
  6200 | D:5      | Bought a potion of flight for 36 gold pieces
  6441 | D:5      | Noticed Prince Ribbit
  6468 | D:5      | Killed Prince Ribbit
  6743 | D:6      | Found Xaher's Jewellery Shop.
  7168 | D:6      | Found Mikociy's Antique Weapon Shoppe.
  7234 | D:6      | Found a broken altar of Ashenzari.
  7234 | D:6      | Found a hide-covered altar of Uskayaw.
  7240 | D:6      | Became a worshipper of Ashenzari the Shackled
  7247 | D:6      | Found Ucon's Weapon Boutique.
  7281 | D:6      | Found Aqateohe's Book Emporium.
  7289 | D:6      | Bought a book of Misfortune for 300 gold pieces
  7293 | D:6      | Learned a level 3 spell: Confusing Touch
  7331 | D:6      | Found Fogox's Book Emporium.
  7486 | D:6      | Reached skill level 5 in Fighting
  8040 | D:7      | Found a sacrificial altar of Ru.
  8164 | D:7      | Learned a level 2 spell: Blink
  8191 | D:7      | Reached skill level 1 in Spellcasting
  8191 | D:7      | Reached skill level 1 in Hexes
  8191 | D:7      | Reached XP level 9. HP: 54/54 MP: 10/10
  8348 | D:7      | Reached skill level 7 in Maces & Flails
  8579 | D:7      | Found a staircase to the Ecumenical Temple.
  8601 | Temple   | Entered the Ecumenical Temple
  9102 | D:8      | Reached * piety under Ashenzari
  9262 | D:8      | Found a shadowy altar of Dithmenos.
  9278 | D:8      | Slain by a wyvern

Illustrated notes

Levels and vault maps discovered:
D:1:      mushboom_english_gardens, layout_basic
D:2:      wad_river_or_something, layout_basic
D:3:      layout_basic, nicolae_overflow_hidden_temple
D:4:      layout_layer_cave, lemuel_zombie_altar_kikubaaqudgha,
          lemuel_doored_altar
D:5:      minmay_inner_zag, layout_basic, grunt_temple_overflow_open,
          serial_shops, shop, uniq_grinder, uniq_prince_ribbit1
D:6:      layout_layer_cave, gammafunk_temple_overflow_statue, serial_shops,
          shop_fountains, shop, nicolae_shop_waterfront, shop,
          nicolae_shop_trees
D:7:      layout_cave_pods, nicolae_ru_awakened_eye,
          minmay_temple_entry_statues_fountains, kennysheep_generic_room_4
D:8:      layout_rooms, nicolae_qazlal_style_of_elements, lemuel_crystal_altar,
          uniq_maurice
Temple:   minmay_temple_curvy_loop

Skill      XL: |  1  2  3  4  5  6  7  8  9 |
---------------+----------------------------+-----
Armour         | 1 2 3 4 |  4.8
Dodging        | 3 4 5 6 |  6.1
Fighting       | 3 4 5 |  5.4
Maces & Flails | 4 5 6 7 |  7.3
Spellcasting   | 1 |  1.5
Hexes          | 1 |  1.5
Throwing       | |  1.7

Action                   |  1- 3 |  4- 6 |  7- 9 || total
-------------------------+-------+-------+-------++-------
Melee: Flail             |   154 |   243 |   295 ||   692
Throw: Throwing net      |       |     2 |     1 ||     3
Invok: Curse Item        |       |       |     3 ||     3
  Use: Scroll            |     4 |     6 |     5 ||    15
       Potion            |       |       |     2 ||     2
Armor: Ring mail         |    88 |    49 |       ||   137
       Leather armour    |     6 |       |       ||     6
       Scale mail        |       |    92 |   144 ||   236
Dodge: Dodged            |   123 |   166 |   157 ||   446

Table legend: (Time is in decaauts)
 A = Elapsed time spent in this place.
 B = Non-inter-level travel time spent in this place.
 C = Inter-level travel time spent in this place.
 D = Time resting spent in this place.
 E = Time spent auto-exploring this place.
 F = Levels seen in this place.
 G = Mean time per level.
                   A        B        C        D        E       F      G
               +--------+--------+--------+--------+--------+-----+--------+
         Total |   9396 |   9124 |    272 |   2195 |   5473 |   9 | 1044.0 |
       Dungeon |   9124 |   8876 |    248 |   2195 |   5226 |   8 | 1140.5 |
        Temple |    272 |    248 |     24 |      0 |    247 |   1 |  272.0 |
               +--------+--------+--------+--------+--------+-----+--------+

Top non-repeatable levels by time:
     D:5: 1798 daAuts
     D:2: 1474 daAuts
     D:4: 1357 daAuts
     D:6: 1306 daAuts
     D:3: 1235 daAuts
     D:1: 941 daAuts
     D:7: 821 daAuts
  Temple: 272 daAuts
     D:8: 190 daAuts
